 Dungeon Crawl Stone Soup version 0.18.1-6-gd335043 (webtiles) character file.

379904 dozzold the Acrobat (level 22, -16/196 HPs)
             Began as a Hill Orc Fighter on May 17, 2016.
             Was the Champion of Beogh.
             Demolished by a caustic shrike (27 damage)
             ... on level 4 of the Depths on May 18, 2016.
             The game lasted 03:51:29 (54253 turns).

dozzold the Acrobat (Hill Orc Fighter)             Turns: 54253, Time: 03:51:30

Health: -16/196    AC:  8    Str: 51    XL:     22   Next: 86%
Magic:  23/23      EV: 18    Int:  8    God:    Beogh [******]
Gold:   2064       SH: 43    Dex: 16    Spells: 0 memorised, 21 levels left

rFire  + + .     SeeInvis +     E - +5 broad axe of Yeast {venom, +Inv MR+ Str+8}
rCold  + . .     Gourm    .     c - +0 gold dragon armour
rNeg   + . .     Faith    .     N - +18 shield of the gong {rElec rN+ MR+ EV-5}
rPois  +         Spirit   .     G - +1 helmet {SInv}
rElec  +         Dismiss  .     b - +1 cloak
rCorr  .         Reflect  +     H - +2 pair of gloves {Dex+3}
SustAt .         Harm     .     z - +2 pair of boots
MR     ++++.                    W - +5 amulet of reflection
Stlth  ..........               S - ring "Ciaca" {Str+10 SInv Stlth-}
                                R - ring of protection from fire

@: mighty, corroded, incredibly resistant to hostile enchantments, extremely
unstealthy
A: walk on water, hooves 1, magic resistance 1, poison resistance, strong 1
a: Smiting, Recall Orcish Followers, Give Item to Named Follower, Resurrection,
Renounce Religion, Evoke Invisibility
}: 2/15 runes: decaying, serpentine


You were on level 4 of the Depths.
You worshipped Beogh.
Beogh was exalted by your worship.
You were not hungry.

You visited 7 branches of the dungeon, and saw 41 of its levels.
You visited 1 bazaar.
You also visited: Ossuary and Ice Cave.

You collected 5028 gold pieces.
You spent 2964 gold pieces at shops.

Inventory:

Hand Weapons
 m - the +8 whip "Idderghazxe" {slash, rC++}
   (You found it on level 4 of the Depths)

   It inflicts extra damage upon your enemies.
   It greatly protects you from cold.
 E - the +5 broad axe of Yeast (weapon) {venom, +Inv MR+ Str+8}
   (You found it on level 1 of the Swamp)

   It poisons the flesh of those it strikes.
   It affects your strength (+8).
   It affects your resistance to hostile enchantments.
   It lets you turn invisible.
Missiles
 s - 8 poisoned tomahawks (quivered)
Armour
 b - a +1 cloak (worn)
 c - a +0 gold dragon armour (worn)
 z - a +2 pair of boots (worn)
 G - a +1 helmet of see invisible (worn)
 H - a +2 pair of gloves of dexterity (worn)
 N - the +18 shield of the gong (worn) {rElec rN+ MR+ EV-5}
   (You bought it in a shop on level 6 of the Dungeon)

   It affects your evasion (-5).
   It insulates you from electricity.
   It protects you from negative energy.
   It affects your resistance to hostile enchantments.
Jewellery
 i - an uncursed ring of protection from cold
 L - an uncursed ring of positive energy
 P - an uncursed amulet of dismissal
 R - a ring of protection from fire (left hand)
 S - the ring "Ciaca" (right hand) {Str+10 SInv Stlth-}
   (You found it on level 2 of the Depths)

   [ring of see invisible]

   It affects your strength (+10).
   It lets you see invisible.
   It makes you less stealthy.
 W - a +5 amulet of reflection (around neck)
 X - an uncursed amulet of the gourmand
Wands
 J - a wand of polymorph (9/24)
 O - a wand of teleportation (5/9)
 U - a wand of teleportation (6/9)
 Z - a wand of heal wounds (1/9)
Scrolls
 g - 3 scrolls of fog
 j - 10 scrolls of remove curse
 o - 7 scrolls of teleportation
 p - 6 scrolls of enchant armour
 q - 4 scrolls of fear
 D - 3 scrolls of holy word
 I - 3 scrolls of silence
 M - 6 scrolls of enchant weapon
 V - 5 scrolls of blinking
 Y - 4 scrolls of magic mapping
Potions
 d - 3 potions of cancellation
 e - 3 potions of magic
 h - 8 potions of agility
 k - 2 potions of lignification
 l - 12 potions of curing
 n - 8 potions of flight
 r - 2 potions of resistance
 w - 5 potions of haste
 x - 3 potions of ambrosia
 A - 6 potions of cure mutation
 C - 5 potions of might
 F - a potion of invisibility
Miscellaneous
 v - a phial of floods
 y - a disc of storms
 B - a lamp of fire
Comestibles
 a - 22 fruits
 f - 7 bread rations
 t - 9 slices of pizza
 u - 12 meat rations
 K - 14 beef jerkies


   Skills:
 - Level 16.3 Fighting
 - Level 18.0 Axes
 * Level 15.1 Armour
 + Level 22.9 Dodging
 + Level 17.6 Shields
 - Level 1.6 Evocations


You had 21 spell levels left.
You didn't know any spells.

Dungeon Overview and Level Annotations

Branches:
Dungeon (15/15)            Temple (0/1) D:6            Lair (8/8) D:11
  Swamp (4/4) Lair:6        Snake (4/4) Lair:5        Slime (0/6) Lair:6
    Orc (2/2) D:10            Elf (0/3) Orc:2        Vaults (4/5) D:13
  Crypt (0/3) Vaults:3     Depths (4/5) D:15

Altars:
Ashenzari
Cheibriados
Dithmenos
Pakellas
Ru
Sif Muna
Xom
Yredelemnul
Zin
The Shining One

Shops:
D:4 [   D:6 [   D:7 ?*   D:13 [   D:15 ?   Orc:1 =   Orc:2 %!}[   Snake:4 *
Vaults:1 }(?}=   Depths:2 [}   Depths:3 (   Depths:4 *

Portals:
Hell: Depths:1 Depths:2 Depths:3
Abyss: Depths:1 Depths:2 Depths:4
Pandemonium: Orc:2 Depths:1 Depths:2 Depths:3
Trove: Vaults:4 (give 17 potions of curing)

Annotations:
Depths:4 6 runed doors


Innate Abilities, Weirdness & Mutations

You can walk on water.
You have large cloven feet.
You are resistant to hostile enchantments.
Your system is resistant to poisons.
Your muscles are strong. (Str +2)


Message History

You block the caustic shrike's attack.
GONNNNG!
You block the caustic shrike's attack.
PANG!
The caustic shrike claws you!
You are splashed with acid!
The acid corrodes you!
The acid burns!
* * * LOW HITPOINT WARNING * * *
Bogward hits the caustic shrike with a trident.
The caustic shrike claws you!
* * * LOW HITPOINT WARNING * * *
You are splashed with acid!
The acid corrodes you!
The acid burns!
* * * LOW HITPOINT WARNING * * *
The caustic shrike claws you!!
* * * LOW HITPOINT WARNING * * *
You are splashed with acid!
The acid corrodes you!
The acid burns!
* * * LOW HITPOINT WARNING * * *
You block the slime creature's attack.
GONNNNG!
The caustic shrike claws you!!
You die...

##......... ..
#####.......... .∩.
............... #.#
............. #8#
............ #.#
######..........
#.####...##.bJb......
###............@b......
##..............ob......
#.......................
#.......................
#.......................
........................
........................
.....................###
............#


You could see 4 caustic shrikes, a slime creature and the friendly Bogward the
orc warlord.

Vanquished Creatures
  Mara (Snake:3)
  Sojobo (Depths:1)
  Vashnia (Snake:4)
  the Enchantress (Depths:2)
  A tentacled monstrosity (Vaults:4)
  A lich (Depths:4)
  Rupert (D:13)
  A titan (Depths:2)
  4 sphinxes
  Kirke (D:12)
  Agnes (Snake:4)
  Roxanne (D:15)
  A storm dragon (Depths:3)
  4 tengu reavers
  11 greater nagas
  6 fire giants
  An iron dragon (Depths:3)
  Wiglaf (Depths:1)
  8 vault wardens
  Aizul (Snake:3)
  6 frost giants
  A balrug (Depths:3)
  8 ironheart preservers
  A war gargoyle (Vaults:2)
  17 stone giants
  5 very ugly things
  3 spriggan defenders (Depths:2)
  Nessos (Orc:2)
  3 vampire knights
  Azrael (D:14)
  4 ettins
  A ghost crab (Swamp:4)
  The ghost of jerkstore the Unseen, a journeyman SpAs of Yredelemnul (D:15)
  A jiangshi (Depths:2)
  9 vault guards
  9 yaktaur captains
  5 great orbs of eyes
  10 fire dragons
  11 naga warriors
  10 hydras
  A rakshasa (Depths:1)
  3 anacondas
  4 ice dragons
  7 alligators
  3 spriggan air magi (Depths:3)
  6 tengu warriors
  3 death yaks
  12 ogre magi
  5 centaur warriors
  4 orc high priests (Orc:2)
  A death knight (Vaults:1)
  2 deep troll shamans
  4 deep troll earth magi
  2 vampire magi
  7 shock serpents
  A sun demon (Depths:3)
  3 deep elf knights
  3 spriggan berserkers
  10 naga sharpshooters
  2 soul eaters (Orc:2)
  3 salamander mystics
  3 skeletal warriors
  A fire crab (Vaults:1)
  7 swamp dragons
  2 hell knights (Vaults:4)
  An unseen horror (D:15)
  An infernal demonspawn (Orc:2)
  8 naga ritualists
  A gelid demonspawn (Depths:1)
  2 shambling mangroves (Swamp:3)
  2 flayed ghosts
  2 giant orange brains
  4 unseen horrors (shapeshifter)
  6 orc knights
  4 necromancers
  16 deep trolls
  13 hill giants
  A putrid demonspawn (Depths:1)
  A deep elf archer (Vaults:1)
  3 wizards
  A harpy (Depths:1)
  A hill giant (shapeshifter) (Depths:4)
  8 ironbrand convokers
  17 ugly things
  8 cyclopes
  A lindwurm (Lair:8)
  6 orc sorcerers
  6 griffons
  10 mana vipers
  2 wolf spider zombies
  3 manticores (Depths:1)
  3 hornets
  7 wolf spiders
  7 salamanders
  5 deep elf magi
  A fire giant zombie (Vaults:2)
  10 vault sentinels
  A rust devil (Depths:1)
  A black mamba (shapeshifter) (Vaults:4)
  A gargoyle (D:12)
  5 guardian serpents
  34 black mambas
  A spriggan zombie (Depths:2)
  9 spiny frogs
  11 naga magi
  An ice statue (IceCv)
  A yaktaur (shapeshifter) (Vaults:1)
  31 yaktaurs
  2 freezing wraiths
  5 rime drakes
  7 ice devils (IceCv)
  A tengu conjurer (Depths:4)
  4 komodo dragons
  A jumping spider (Vaults:2)
  A hog (D:12)
  8 trolls
  16 two-headed ogres
  2 giant leeches
  5 polar bears
  7 bog bodies
  Grinder (D:4)
  2 boulder beetles
  19 slime creatures
  A blink frog (Lair:4)
  A raiju (Lair:8)
  6 water elementals
  Sigmund (D:5)
  A centaur simulacrum (D:14)
  A vampire (D:10)
  7 spriggans
  2 wraiths (Vaults:1)
  21 yaks
  2 basilisks
  12 redbacks
  2 shadows
  3 fire elementals (D:14)
  A neqoxec (Orc:2)
  A ynoxinul (Orc:2)
  A wyvern (D:15)
  13 humans
  A chaos spawn (Orc:2)
  7 hippogriffs
  2 hungry ghosts
  Edmund (D:5)
  14 swamp worms
  4 wargs
  53 nagas
  21 vampire mosquitoes
  8 insubstantial wisps
  A soldier ant (D:10)
  9 water moccasins
  A giant eyeball (Depths:3)
  2 giant eyeballs (shapeshifter)
  2 hell hounds
  An ice beast (shapeshifter) (Depths:2)
  An ice beast (D:7)
  6 porcupines
  6 sky beasts
  12 orc warriors
  10 swamp drakes
  6 phantoms
  Duvessa (D:5)
  4 wasps
  A slave (D:8)
  5 black bears (Lair:8)
  45 ogres
  A necrophage (D:11)
  12 wolves
  5 centaurs
  5 crocodiles
  2 big kobolds (D:8)
  17 giant frogs
  A gnoll sergeant (D:9)
  Dowan (D:5)
  5 scorpions
  25 killer bees
  3 wights
  3 electric eels (Lair:4)
  2 howler monkeys
  4 crimson imps
  A quasit (D:9)
  4 centaur zombies
  2 human simulacra (Vaults:2)
  A giant frog zombie (D:6)
  14 hounds
  4 orc priests
  A basilisk zombie (Lair:4)
  4 jellies
  7 centaur skeletons
  A gnoll shaman (D:5)
  An iron imp (Depths:2)
  Jessica (D:3)
  A giant frog skeleton (D:4)
  5 iguanas
  8 worker ants
  16 orc wizards
  A hell rat (Lair:8)
  A spriggan simulacrum (IceCv)
  2 troll simulacra (IceCv)
  25 sheep
  5 big kobold zombies (Ossuary)
  A hound zombie (D:6)
  4 mummies (Ossuary)
  A howler monkey zombie (D:11)
  8 gnolls
  13 river rats
  11 adders
  A howler monkey skeleton (D:6)
  2 naga simulacra (IceCv)
  An ogre simulacrum (IceCv)
  2 shadow imps
  An ooze (D:4)
  2 adder zombies
  An adder skeleton (D:7)
  4 worms
  3 dart slugs
  2 giant geckos
  18 orcs
  7 giant cockroaches
  8 goblins
  5 hobgoblins
  8 jackals
  11 kobolds
  7 quokkas
  4 bats
  8 giant newts
  2 hobgoblin zombies (Ossuary)
  8 rats
  A bush (Lair:3)
  A fire vortex (Lair:3)
  11 fungi
  8 plants
1247 creatures vanquished.

Vanquished Creatures (collateral kills)
  A caustic shrike (Depths:4)
  2 golden dragons
  A titan (Depths:3)
  A sphinx (Depths:3)
  3 tengu reavers
  A greater naga (Snake:3)
  3 fire giants
  4 vault wardens
  3 frost giants
  A cacodemon (Depths:1)
  An ironheart preserver (Vaults:3)
  2 very ugly things
  10 orc knights
  11 stone giants
  A vampire knight (Depths:3)
  A salamander stormcaller (Vaults:2)
  3 vault guards
  3 ettins
  2 jiangshi (Depths:2)
  A crystal guardian (Vaults:4)
  A fire dragon (Depths:1)
  6 yaktaur captains
  2 great orbs of eyes
  Erolcha (D:11)
  2 entropy weavers (Depths:2)
  A naga warrior (Snake:3)
  A rakshasa (Depths:2)
  5 ice dragons
  4 ogre magi
  14 hydras
  4 orc sorcerers
  A spriggan air mage (Depths:2)
  2 centaur warriors
  Erica (D:8)
  2 anacondas
  3 deep troll earth magi
  2 alligators
  2 death yaks (Lair:6)
  3 tengu warriors
  A deep troll shaman (Depths:2)
  2 shock serpents (Snake:4)
  Urug (D:12)
  2 hell knights (Vaults:4)
  A deep elf knight (Vaults:4)
  A manticore (Depths:1)
  4 spriggans
  A sun demon (Depths:3)
  4 skeletal warriors (D:12)
  A fire crab (Vaults:4)
  A flayed ghost (Vaults:1)
  13 deep trolls
  An unseen horror (D:11)
  5 hill giants
  A wizard (D:13)
  4 swamp dragons (Swamp:4)
  2 giant orange brains
  A naga ritualist (Snake:2)
  A phantasmal warrior (Depths:3)
  Pikel (D:8)
  A harpy (Vaults:2)
  3 necromancers
  A shambling mangrove (Swamp:4)
  2 ironbrand convokers
  An orb spider (shapeshifter) (Vaults:1)
  A sphinx skeleton (Vaults:2)
  3 mana vipers (Snake:1)
  4 deep elf magi
  A human zombie (Vaults:2)
  A shadow dragon skeleton (Depths:2)
  2 cyclopes
  9 ugly things
  An oklob plant (Lair:7)
  5 griffons
  A salamander (Snake:4)
  An octopode (shapeshifter) (Vaults:4)
  6 black mambas
  2 guardian serpents
  Maurice (D:8)
  11 spiny frogs
  2 ice statues (IceCv)
  4 naga magi
  A rust devil (Depths:1)
  2 vault sentinels
  2 gargoyles
  5 freezing wraiths
  9 komodo dragons
  2 ice devils (IceCv)
  16 yaktaurs
  2 tengu conjurers
  2 giant leeches
  5 polar bears
  2 trolls
  A raiju (shapeshifter) (Vaults:4)
  10 bog bodies
  3 raiju (Lair:8)
  5 blink frogs
  6 slime creatures
  2 boulder beetles (Vaults:2)
  7 two-headed ogres
  A two-headed ogre (shapeshifter) (Vaults:4)
  A water elemental (Depths:3)
  A wraith (D:12)
  A shadow (Swamp:1)
  6 redbacks
  20 yaks
  2 fire elementals
  Grum (Lair:1)
  3 basilisks
  A hog (D:12)
  7 humans (D:13)
  15 vampire mosquitoes
  7 wargs
  3 hippogriffs
  6 swamp worms
  A swamp worm (shapeshifter) (Depths:1)
  11 insubstantial wisps
  A mottled dragon (Vaults:1)
  7 nagas
  7 water moccasins
  2 hell hounds (Lair:8)
  A porcupine (Lair:5)
  A slave (D:8)
  7 orc warriors
  11 ice beasts
  2 swamp drakes (Swamp:4)
  An eye of draining (shapeshifter) (Depths:3)
  4 ogres
  11 black bears
  A necrophage (D:8)
  An elephant zombie (Lair:4)
  4 wasps
  22 wolves
  3 centaurs
  An elf simulacrum (Depths:2)
  11 crocodiles
  4 big kobolds
  A giant frog (shapeshifter) (Vaults:1)
  9 giant frogs
  A scorpion (D:6)
  2 killer bees
  6 wights
  An electric eel (Lair:4)
  2 crimson imps
  A basilisk zombie (Lair:4)
  10 hounds
  A draconian simulacrum (IceCv)
  2 orc priests
  8 hell rats
  5 iguanas
  6 orc wizards
  3 worker ants
  10 sheep
  A crocodile zombie (Lair:4)
  A centaur simulacrum (IceCv)
  A worker ant zombie (D:11)
  2 adders
  A naga simulacrum (IceCv)
  24 river rats
  An ogre simulacrum (IceCv)
  A shadow imp (D:10)
  2 white imps (Lair:5)
  6 orcs
  6 jackals
  7 kobolds
  3 bushes
  38 fungi
  34 plants
690 creatures vanquished.

Vanquished Creatures (others)
  5 orc warlords
  A hydra (Swamp:4)
  19 orc knights
  An orc high priest (Orc:2)
  A spriggan berserker (Swamp:4)
  2 orc sorcerers
  A deep troll (Depths:1)
  A shambling mangrove (Swamp:4)
  A cyclops (Depths:4)
  25 orc priests
  24 orc warriors
  A slime creature (Swamp:4)
  A naga (Snake:4)
  2 insubstantial wisps
  A hell hound (Lair:8)
  3 swamp drakes
  A slave (D:8)
  An ogre (Depths:3)
  19 orc wizards
  An iguana (D:8)
  A white imp (Lair:5)
  58 orcs
  A hobgoblin (D:3)
  2 jackals (D:3)
  A kobold (D:3)
  13 fungi
  14 plants
201 creatures vanquished.

Grand Total: 2138 creatures vanquished

Notes
Turn   | Place    | Note
--------------------------------------------------------------
     0 | D:1      | dozzold the Hill Orc Fighter began the quest for the Orb.
     0 | D:1      | Reached XP level 1. HP: 19/19 MP: 1/1
   208 | D:1      | Reached XP level 2. HP: 26/26 MP: 2/2
   791 | D:2      | Reached XP level 3. HP: 10/31 MP: 3/3
  1332 | D:2      | Reached skill level 5 in Armour
  1513 | D:2      | Found a snail-covered altar of Cheibriados.
  1876 | D:3      | Became a worshipper of Beogh the Brigand
  1888 | D:3      | Reached XP level 4. HP: 36/39 MP: 4/4
  1977 | D:3      | Reached XP level 5. HP: 37/45 MP: 5/5
  2069 | D:3      | Noticed Jessica
  2084 | D:3      | Reached * piety under Beogh
  2114 | D:3      | Killed Jessica
  2432 | D:3      | Found a glowing silver altar of Zin.
  2432 | D:3      | Found a glowing golden altar of the Shining One.
  2512 | D:4      | Noticed a sky beast
  2538 | D:3      | Killed a sky beast
  2538 | D:3      | Reached XP level 6. HP: 8/51 MP: 6/6
  2559 | D:3      | Gained mutation: Your muscles are strong. (Str +2) [mutagenic meat]
  2560 | D:3      | Gained mutation: Your system is resistant to poisons. [mutagenic meat]
  2561 | D:3      | Gained mutation: You are resistant to hostile enchantments. [mutagenic meat]
  2813 | D:4      | Found Ycehyeliv's Antique Armour Emporium.
  2901 | D:4      | Reached skill level 5 in Axes
  3013 | D:4      | Reached XP level 7. HP: 47/57 MP: 7/7
  3082 | D:4      | Found a shadowy altar of Dithmenos.
  3100 | D:4      | Noticed Grinder
  3135 | D:4      | Killed Grinder
  3223 | D:4      | Reached ** piety under Beogh
  3436 | D:4      | Reached XP level 8. HP: 46/64 MP: 8/8
  3623 | D:4      | Reached skill level 10 in Axes
  3877 | D:5      | Entered Level 5 of the Dungeon
  3901 | D:5      | Found an oddly glowing altar of Pakellas.
  3960 | D:5      | Noticed Duvessa
  3960 | D:5      | Noticed Dowan
  3984 | D:5      | Killed Duvessa
  4018 | D:5      | Killed Dowan
  4405 | D:5      | Found a basalt altar of Yredelemnul.
  4405 | D:5      | Found a sacrificial altar of Ru.
  4419 | D:5      | Noticed Sigmund
  4435 | D:5      | Killed Sigmund
  4611 | D:5      | Reached XP level 9. HP: 41/70 MP: 9/9
  4739 | D:5      | Found a deep blue altar of Sif Muna.
  4772 | D:5      | Reached skill level 1 in Dodging
  4859 | D:5      | Noticed Edmund
  4879 | D:5      | Killed Edmund
  4879 | D:5      | Reached skill level 2 in Dodging
  5029 | D:6      | Reached *** piety under Beogh
  5129 | D:6      | Reached skill level 3 in Dodging
  5485 | D:6      | Reached skill level 4 in Dodging
  5547 | D:6      | Found a staircase to the Ecumenical Temple.
  5603 | D:6      | Found Woytinnepoe's Antique Armour Emporium.
  6007 | D:7      | Reached skill level 5 in Shields
  6088 | D:7      | Found Selaufing's Off-Brand Ammunition.
  6163 | D:7      | Reached XP level 10. HP: 53/77 MP: 10/10
  6233 | D:7      | Reached **** piety under Beogh
  6257 | D:7      | Found Xivueqy's Magic Scroll Shoppe.
  6376 | D:7      | Found a sand-covered staircase.
  6384 | Ossuary  | Entered an ossuary
  6867 | D:8      | Found a shimmering altar of Xom.
  6867 | D:8      | Found a shimmering altar of Xom.
  6867 | D:8      | Found a shimmering altar of Xom.
  6868 | D:8      | Found a shimmering altar of Xom.
  6868 | D:8      | Found a shimmering altar of Xom.
  6868 | D:8      | Found a shimmering altar of Xom.
  6903 | D:8      | Noticed Pikel
  6917 | D:8      | Killed Pikel
  7011 | D:8      | Noticed Erica
  7025 | D:8      | Killed Erica
  7354 | D:8      | Reached skill level 10 in Shields
  7385 | D:8      | Noticed a two-headed hydra
  7394 | D:8      | Killed a four-headed hydra
  7811 | D:8      | Noticed Maurice
  7817 | D:8      | Noticed a deep elf mage
  7852 | D:8      | Killed Maurice
  7858 | D:8      | Killed a deep elf mage
  7858 | D:8      | Gained Ugbert as an ally
  8061 | D:9      | Reached ***** piety under Beogh
  8402 | D:9      | Reached XP level 11. HP: 82/82 MP: 11/11
  9174 | D:10     | Entered Level 10 of the Dungeon
  9317 | D:10     | Noticed a hill giant
  9324 | D:10     | Killed a hill giant
  9393 | D:10     | Noticed a deep elf mage
  9398 | D:10     | Killed a deep elf mage
  9647 | D:10     | Found a staircase to the Orcish Mines.
 10105 | D:11     | Noticed a cyclops
 10121 | D:11     | Killed a cyclops
 10292 | D:11     | Noticed a cyclops
 10305 | D:11     | Killed a cyclops
 10342 | D:11     | Found a staircase to the Lair.
 10356 | D:11     | Killed an unseen horror
 10356 | D:11     | Gained Brandogh as an ally
 10502 | Lair:1   | Entered Level 1 of the Lair of Beasts
 10733 | Lair:1   | Noticed Grum
 10755 | Lair:1   | Killed Grum
 11060 | Lair:1   | Killed a four-headed hydra
 11122 | Lair:1   | Reached XP level 12. HP: 83/90 MP: 12/12
 11409 | Lair:2   | Got a heavily runed leather armour
 11420 | Lair:2   | Identified the +2 leather armour of Izez {rElec} (You found it on level 2 of the Lair of Beasts)
 11661 | Lair:2   | Reached skill level 15 in Axes
 11991 | Lair:2   | Reached ****** piety under Beogh
 12188 | Lair:3   | Gained Bolgrim as an ally
 12407 | Lair:3   | Gained Boruk as an ally
 13096 | Lair:4   | Gained Norbak as an ally
 13456 | Lair:4   | Gained Brandogh as an ally
 14032 | Lair:4   | Got an ebony falchion
 14033 | Lair:4   | Identified the +6 falchion of the Blowfly {freeze, *Rage +Fly rElec} (You found it on level 4 of the Lair of Beasts)
 14190 | Lair:4   | Noticed a five-headed hydra
 14204 | Lair:4   | Killed a nine-headed hydra
 14324 | Lair:4   | Reached skill level 15 in Shields
 14862 | Lair:5   | Noticed an ice dragon
 14873 | Lair:5   | Killed an ice dragon
 15220 | Lair:5   | Noticed an eight-headed hydra
 15232 | Lair:5   | Killed a 12-headed hydra
 15586 | Lair:5   | Found a staircase to the Snake Pit.
 15593 | Lair:5   | Reached XP level 13. HP: 95/95 MP: 13/13
 16273 | Lair:6   | Found a staircase to the Swamp.
 16291 | Lair:6   | Found a frozen archway.
 16415 | IceCv    | Entered an ice cave
 17186 | IceCv    | Reached skill level 5 in Dodging
 17358 | IceCv    | Got a steaming scale mail
 17374 | IceCv    | Identified the +4 scale mail of the Cricket {rF+ MR+} (You found it in an ice cave)
 17810 | Lair:6   | Found a staircase to the Slime Pits.
 18424 | Lair:7   | Reached skill level 6 in Dodging
 19351 | Lair:7   | Gained Warrok as an ally
 19456 | Lair:8   | Entered Level 8 of the Lair of Beasts
 19570 | Lair:8   | Reached skill level 7 in Dodging
 19689 | Lair:8   | Reached XP level 14. HP: 96/102 MP: 14/14
 19949 | Lair:8   | Found a snail-covered altar of Cheibriados.
 20187 | Lair:8   | Reached skill level 10 in Armour
 20247 | Lair:8   | Your ally Warrok died
 20543 | Lair:8   | Reached skill level 8 in Dodging
 21528 | Swamp:1  | Entered Level 1 of the Swamp
 21533 | Swamp:1  | Gained Bogric as an ally
 21545 | Swamp:1  | Got a dazzling broad axe
 21546 | Swamp:1  | Identified the +5 broad axe of Yeast {venom, +Inv MR+ Str+8} (You found it on level 1 of the Swamp)
 21765 | Swamp:1  | Reached skill level 9 in Dodging
 21902 | Swamp:1  | Your ally Bolgrim died
 21915 | Swamp:1  | Your ally Boruk died
 22036 | Swamp:1  | Got an ancient scale mail
 22233 | Swamp:1  | Gained Morbeogh as an ally
 22748 | Swamp:2  | Reached skill level 10 in Dodging
 22872 | Swamp:2  | Identified the +1 scale mail of the Five Seas {rPois rC+ Int+4} (You found it on level 1 of the Swamp)
 23321 | Swamp:2  | Reached skill level 11 in Dodging
 24198 | Swamp:3  | Gained Wardok as an ally
 24224 | Swamp:3  | Reached XP level 15. HP: 86/107 MP: 15/15
 24502 | Swamp:3  | Reached skill level 12 in Dodging
 24663 | Swamp:4  | Entered Level 4 of the Swamp
 24824 | Swamp:4  | Your ally Ugbert died
 24839 | Swamp:4  | Your ally Brandogh died
 24844 | Swamp:4  | Your ally Bogric died
 24918 | Swamp:4  | Your ally Morbeogh died
 24959 | Swamp:4  | Your ally Brandogh died
 24963 | Swamp:4  | Your ally Morbeogh died
 24964 | Swamp:4  | Your ally Wardok died
 24968 | Swamp:4  | Reached skill level 13 in Dodging
 25270 | Swamp:4  | Your ally Wardok died
 25284 | Swamp:4  | Your ally Norbak died
 25806 | Orc:1    | Entered Level 1 of the Orcish Mines
 25846 | Orc:2    | Entered Level 2 of the Orcish Mines
 25916 | Orc:2    | Found Lemido's Food Shop.
 25917 | Orc:2    | Found Qis Xeh's Distillery.
 25922 | Orc:2    | Gained Urtork as an ally
 25931 | Orc:2    | Your ally Urtork died
 25959 | Orc:2    | Bought a potion of curing for 39 gold pieces
 25959 | Orc:2    | Bought a potion of curing for 39 gold pieces
 25959 | Orc:2    | Bought a potion of heal wounds for 65 gold pieces
 26206 | Orc:2    | Reached skill level 14 in Dodging
 26207 | Orc:2    | Gained Orkrul as an ally
 26261 | Orc:2    | Found Donnyacu's Antique Armour Emporium.
 26261 | Orc:2    | Found a one-way gate leading to the halls of Pandemonium.
 26261 | Orc:2    | Found Fush's Gadget Shoppe.
 26627 | Orc:2    | Noticed Nessos
 26639 | Orc:2    | Your ally Orkrul died
 26666 | Orc:2    | Killed Nessos
 27126 | Orc:2    | Found a gateway to a bazaar.
 27387 | Orc:2    | Found a staircase to the Elven Halls.
 27520 | Bazaar   | Entered a bazaar
 27520 | Bazaar   | Found Oxullyph's General Store.
 27520 | Bazaar   | Found Jigryil's Distillery.
 27531 | Bazaar   | Found Saomac's Antique Weapon Boutique.
 27575 | Bazaar   | Found Eziudekhey's Gadget Emporium.
 27583 | Bazaar   | Found Gayhung's Antique Armour Emporium.
 27738 | Orc:1    | Found Ynem's Jewellery Emporium.
 28014 | Orc:1    | Gained Wargath as an ally
 28018 | Orc:1    | Your ally Wargath died
 28735 | D:11     | Noticed Erolcha
 28755 | D:11     | Gained Ugrim as an ally
 28859 | D:11     | Killed Erolcha
 28924 | D:12     | Gained Zorug as an ally
 28975 | D:12     | Noticed Urug
 28982 | D:12     | Killed Urug
 29000 | D:12     | Your ally Zorug died
 29007 | D:12     | Found a shattered altar of Ashenzari.
 29133 | D:12     | Noticed Kirke
 29144 | D:12     | Killed Kirke
 29186 | D:12     | Reached XP level 16. HP: 113/115 MP: 16/16
 29276 | D:12     | Reached skill level 15 in Dodging
 29457 | D:12     | Gained mutation: You have large cloven feet. [potion of beneficial mutation]
 29967 | D:13     | Found a gate to the Vaults.
 30205 | D:13     | Noticed Rupert
 30212 | D:13     | Killed Rupert
 30243 | D:13     | Found Pusibyej's Armour Boutique.
 30674 | D:14     | Noticed Azrael
 30688 | D:14     | Killed Azrael
 31327 | D:14     | Reached skill level 16 in Dodging
 32204 | D:6      | Bought the +18 shield of the gong {rElec rN+ MR+ EV-5} for 2821 gold pieces
 32989 | Swamp:4  | Gained Bogward as an ally
 32991 | Swamp:4  | Your ally Ugrim died
 33651 | Swamp:4  | Got a decaying rune of Zot
 33948 | Snake:1  | Entered Level 1 of the Snake Pit
 35049 | Snake:2  | Gained Orik as an ally
 35057 | Snake:2  | Your ally Orik died
 35094 | Snake:2  | Your ally Bogward died
 35104 | Snake:2  | Reached XP level 17. HP: 80/121 MP: 17/17
 35149 | Snake:2  | Reached skill level 17 in Dodging
 35528 | Snake:2  | Identified Umidiph's Handbook of Displaced Slavery
 36266 | Snake:3  | Noticed Aizul
 36280 | Snake:3  | Your ally Orik died
 36297 | Snake:3  | Killed Aizul
 36687 | Snake:3  | Noticed Mara
 36694 | Snake:3  | Noticed dozzold's illusion
 36739 | Snake:3  | Your ally Bogward died
 36749 | Snake:3  | Killed Mara
 37387 | Snake:4  | Entered Level 4 of the Snake Pit
 37420 | Snake:4  | Reached skill level 18 in Dodging
 37428 | Snake:4  | Noticed Agnes
 37450 | Snake:4  | Killed Agnes
 37648 | Snake:4  | Noticed Vashnia
 38114 | Snake:4  | Gained Wargrak as an ally
 38127 | Snake:4  | Your ally Wargrak died
 38636 | Snake:4  | Reached XP level 18. HP: 104/127 MP: 18/18
 38944 | Snake:4  | Found Tenes's Tempting Trifles.
 38981 | Snake:4  | Killed Vashnia
 39181 | Snake:4  | Reached skill level 19 in Dodging
 40427 | Snake:4  | Got a serpentine rune of Zot
 40841 | D:15     | Entered Level 15 of the Dungeon
 40947 | D:15     | Found Oneesakh's Magic Scroll Shoppe.
 41027 | D:15     | Found a staircase to the Depths.
 41311 | D:15     | Noticed jerkstore's ghost (journeyman SpAs)
 41646 | D:15     | Killed jerkstore's ghost
 41682 | D:15     | Noticed Roxanne
 41721 | D:15     | Killed Roxanne
 42132 | Vaults:1 | Entered Level 1 of the Vaults
 42290 | Vaults:1 | Found Jydghienn's Jewellery Shoppe.
 42393 | Vaults:1 | Reached skill level 5 in Fighting
 42406 | Vaults:1 | Found Xosesene's Gadget Boutique.
 42578 | Vaults:1 | Found Genadik's Magic Scroll Shop.
 42656 | Vaults:1 | Found Hutuy's Weapon Shoppe.
 42668 | Vaults:1 | Paralysed by a Zot trap for 4 turns
 42676 | Vaults:1 | Reached XP level 19. HP: 90/145 MP: 19/19
 42676 | Vaults:1 | Gained Grimold as an ally
 43291 | Vaults:1 | Found Egecad's Gadget Boutique.
 43674 | Vaults:2 | Reached skill level 10 in Fighting
 43696 | Vaults:2 | Gained Borgoth as an ally
 43707 | Vaults:2 | Your ally Grimold died
 45729 | Vaults:3 | Gained Morun as an ally
 45814 | Vaults:3 | Reached skill level 15 in Fighting
 45821 | Vaults:3 | Reached XP level 20. HP: 53/178 MP: 20/20
 46309 | Vaults:3 | Found a staircase to the Crypt.
 46456 | Vaults:3 | Gained Bogward as an ally
 47050 | Vaults:4 | Gained Beowulf as an ally
 47076 | Vaults:4 | Gained Orkwin as an ally
 47076 | Vaults:4 | Reached skill level 20 in Dodging
 48517 | Vaults:4 | Found a portal to a secret trove of treasure.
 49371 | Depths:1 | Entered Level 1 of the Depths
 49425 | Depths:1 | Noticed Wiglaf
 49494 | Depths:1 | Found a gateway to Hell.
 49559 | Depths:1 | Killed Wiglaf
 49559 | Depths:1 | Reached skill level 21 in Dodging
 49570 | Depths:1 | Reached XP level 21. HP: 189/189 MP: 21/21
 49573 | Depths:1 | Found a one-way gate to the infinite horrors of the Abyss.
 49769 | Depths:1 | Noticed Sojobo
 49801 | Depths:1 | Your ally Borgoth died
 50072 | Depths:1 | Found a glowing golden altar of the Shining One.
 50474 | Depths:1 | Your ally Beowulf died
 50476 | Depths:1 | Killed Sojobo
 50649 | Depths:2 | Noticed the Enchantress
 50672 | Depths:2 | Killed the Enchantress
 50674 | Depths:2 | Your ally Orkwin died
 50682 | Depths:2 | Your ally Beowulf died
 50720 | Depths:2 | Got a faerie dragon armour
 50752 | Depths:2 | Identified the +6 faerie dragon armour {Str+2} (You took it off the Enchantress on level 2 of the Depths)
 50896 | Depths:2 | Found Macus's Antique Armour Emporium.
 50975 | Depths:2 | Reached skill level 22 in Dodging
 51059 | Depths:2 | Found Xibuh's Gadget Shoppe.
 51122 | Depths:2 | Got a scorched ivory ring
 51123 | Depths:2 | Identified the ring "Ciaca" {Str+10 SInv Stlth-} (You found it on level 2 of the Depths)
 52244 | Depths:2 | Reached skill level 1 in Evocations
 52244 | Depths:2 | Reached XP level 22. HP: 195/196 MP: 21/23
 52475 | Depths:3 | Your ally Orkwin died
 52483 | Depths:3 | Your ally Morun died
 52513 | Depths:3 | Your ally Bogward died
 52883 | Depths:3 | Found Emuyrpho's Antique Weapon Boutique.
 53139 | Depths:3 | Noticed a golden dragon
 53154 | Depths:3 | Noticed a golden dragon
 53520 | Depths:3 | Killed a golden dragon
 53997 | Depths:4 | Got an ancient whip
 53998 | Depths:4 | Identified the +8 whip "Idderghazxe" {slash, rC++} (You found it on level 4 of the Depths)
 54049 | Depths:4 | Reached skill level 15 in Armour
 54075 | Depths:4 | Found a runed gate.
 54075 | Depths:4 | Found a runed gate.
 54075 | Depths:4 | Found a runed gate.
 54077 | Depths:4 | Noticed a caustic shrike
 54100 | Depths:4 | Noticed an iron giant
 54105 | Depths:4 | Noticed a golden dragon
 54120 | Depths:4 | Killed a golden dragon
 54150 | Depths:4 | Found a runed gate.
 54150 | Depths:4 | Found a runed gate.
 54150 | Depths:4 | Found a runed gate.
 54219 | Depths:4 | Found Plog's General Store.
 54231 | Depths:4 | Noticed a caustic shrike
 54233 | Depths:4 | Noticed a caustic shrike
 54233 | Depths:4 | Noticed a caustic shrike
 54234 | Depths:4 | Noticed a caustic shrike
 54234 | Depths:4 | Noticed a caustic shrike
 54248 | Depths:4 | Killed a caustic shrike
 54253 | Depths:4 | Demolished by a caustic shrike

Skill      XL: |  1  2  3  4  5  6  7  8  9 10 11 12 13 14 15 16 17 18 19 20 21 22 |
---------------+-------------------------------------------------------------------+-----
Armour         | 4 5 6 9 11 12 13 14 15 | 15.1
Axes           | 4 6 9 12 14 16 17 18 | 18.0
Dodging        | 4 7 11 14 16 18 19 21 22 | 22.9
Shields        | 6 11 13 15 16 17 | 17.6
Fighting       | 7 15 16 | 16.3
Evocations     | 1 |  1.6

Action                   |  1- 3 |  4- 6 |  7- 9 | 10-12 | 13-15 | 16-18 | 19-21 | 22-24 || total
-------------------------+-------+-------+-------+-------+-------+-------+-------+-------++-------
Melee: War axe           |   136 |   175 |   589 |   904 |   606 |       |       |       ||  2410
       Broad axe         |       |       |       |       |   774 |  1844 |  1371 |   301 ||  4290
Invok: Convert to Beogh  |     1 |       |       |       |       |       |       |       ||     1
       Give Item to Name |       |       |       |     1 |     3 |     1 |     1 |     1 ||     7
       Resurrection      |       |       |       |       |     3 |     2 |     4 |     1 ||    10
       Recall Orcish Fol |       |       |       |       |       |     1 |     1 |       ||     2
Evoke: Wand              |       |       |       |       |    19 |     7 |       |     7 ||    33
       Sack of spiders   |       |       |       |       |       |     9 |       |       ||     9
       Phial of floods   |       |       |       |       |       |     1 |       |       ||     1
  Use: Potion            |       |     1 |     3 |     2 |     9 |     3 |     3 |     5 ||    26
       Scroll            |       |       |     7 |    19 |    15 |     7 |     5 |     6 ||    59
 Stab: Distracted        |       |       |       |     8 |    20 |     5 |    16 |     3 ||    52
       Paralysed         |       |       |       |       |     1 |       |       |       ||     1
  Eat: Chunk             |     2 |     7 |    11 |    21 |    16 |     5 |     2 |       ||    64
       Fruit             |       |       |       |    10 |     5 |       |       |       ||    15
       Pizza             |       |       |       |     1 |     4 |       |     2 |       ||     7
       Meat ration       |       |       |       |       |     2 |     3 |     2 |     2 ||     9
       Beef jerky        |       |       |       |       |     3 |     7 |     1 |       ||    11
       Bread ration      |       |       |       |       |     1 |     2 |     3 |       ||     6
       Royal jelly       |       |       |       |       |       |     3 |     1 |       ||     4
Armor: Scale mail        |    20 |       |       |       |   115 |       |       |       ||   135
       Plate armour      |    95 |   158 |   282 |   319 |    51 |       |       |       ||   905
       Swamp dragon armo |       |       |       |       |   197 |   190 |   137 |       ||   524
       Skin              |       |       |       |       |     5 |       |       |       ||     5
       Mottled dragon ar |       |       |       |       |       |       |    15 |    31 ||    46
       Gold dragon armou |       |       |       |       |       |       |       |    26 ||    26
Dodge: Dodged            |    27 |    30 |    71 |   181 |   598 |   305 |   254 |    93 ||  1559
Block: Shield            |    87 |    97 |   203 |   528 |  1037 |  1768 |  1550 |   410 ||  5680
       Reflection        |       |       |       |       |       |       |       |    17 ||    17
